 Dungeon Crawl Stone Soup version 0.26-a0-1132-ge9770dfcb6 (webtiles) character file.

Game seed: 6489924975534108066

157 tilp the Insei (level 5, -1/34 HPs)
             Began as an Octopode Transmuter on Dec 20, 2020.
             Slain by an orc
             ... wielding a +0 war axe
              (7 damage)
             ... on level 3 of the Dungeon.
             The game lasted 00:05:49 (3580 turns).

tilp the Insei (Octopode Transmuter)                Turns: 3580, Time: 00:05:49

Health: -1/34      AC:  1    Str:  9    XL:     5   Next: 38%
Magic:  7/8        EV: 13    Int: 17    God:
Gold:   135        SH:  0    Dex: 12    Spells: 5/8 levels left

rFire    . . .     SeeInvis .     - Unarmed
rCold    . . .     Faith    .   (no shield)
rNeg     . . .     Spirit   .   (helmet restricted)
rPois    .         Reflect  .   (no amulet)
rElec    .         Harm     .   (no ring)
rCorr    .         Rampage  .   (no ring)
Will     .....                  (no ring)
Stlth    +++.......             (no ring)
HPRegen  0.11/turn              (no ring)
MPRegen  0.11/turn              (no ring)
                                (no ring)
                                (no ring)

@: wereblooded (expiring)
A: almost no armour, stealthy swim, amphibious, 8 rings, constrict 8, camouflage
1, gelatinous body 1
a: no special abilities


You were on level 3 of the Dungeon.
You visited 1 branch of the dungeon, and saw 3 of its levels.

You collected 135 gold pieces.

Inventory:

Missiles
 c - 70 stones
 j - 10 boomerangs (quivered)
Jewellery
 h - an uncursed ring of ice {unknown}
 m - an uncursed ring of ice {unknown}
Scrolls
 d - 2 scrolls of amnesia
 e - a scroll of enchant armour
 f - a scroll of blinking {unknown}
 g - a scroll of teleportation
 i - 2 scrolls of identify {unknown}
 l - a scroll of remove curse {unknown}
 n - a scroll of random uselessness {unknown}
 p - a scroll of enchant weapon {unknown}
Potions
 a - 2 potions of invisibility {unknown}
 b - 3 potions of lignification {unknown}
 k - 2 potions of curing {unknown}
 o - a potion of brilliance {unknown}


   Skills:
 - Level 2.0 Fighting
 - Level 2.0 Dodging
 - Level 4.0 Stealth
 - Level 4.0 Unarmed Combat
 - Level 2.0 Spellcasting
 + Level 3.1 Transmutations


You had 5 spell levels left.
You knew the following spells:

 Your Spells              Type           Power        Failure   Level
a - Beastly Appendage     Tmut           24%          5%          1
b - Wereblood             Tmut           12%          8%          2

Your spell library contained the following spells:

 Spells                   Type           Power        Failure   Level
 Spider Form              Tmut/Pois      3%           30%         3
 Ice Form                 Ice/Tmut       7%           69%         4
 Blade Hands              Tmut           6%           82%         5


Dungeon Overview and Level Annotations

Branches:
Dungeon (3/15)

Altars:
Cheibriados
Dithmenos
Hepliaklqana
Qazlal
Wu Jian


Innate Abilities, Weirdness & Mutations

You cannot wear most types of armour.
You are very stealthy in the water. (Stealth+)
You are amphibious.
You can wear up to eight rings at the same time.
You can use your tentacles to constrict eight enemies at once.
Your skin changes colour to match your surroundings (Stealth+).
Your rubbery body absorbs attacks. (AC +1, EV +1)


Message History

The orc priest is heavily wounded.
You constrict the orc priest. The orc priest misses you.
You tentacle-slap the orc priest.
You pierce the orc priest.
You kill the orc priest!
You howl as the wereblood boils in your veins!
Your Transmutations skill increases to level 3!
Your tentacle spike disappears.
You see here a +0 dagger.
You closely miss the orc. Your grab misses the orc.
The orc hits you with a +0 war axe!
* * * LOW HITPOINT WARNING * * *
You tentacle-slap the orc. Your grab misses the orc.
The orc is moderately wounded.
The orc barely misses you.
You tentacle-slap the orc. You grab the orc.
The orc is heavily wounded.
Your primal bloodlust is almost over.
You constrict the orc, but do no damage.
The orc hits you with a +0 war axe!
You die...

>...'.................##.###
#.......#####...##.... #.......#
#...##.... #.......# ##.#......
#.......# #.#.#....
#.......######.#.#.###
#...........##...#.#
#....o......###..#.###
#...)@......#........#
#####)......#........#
############ #.......#........#
#..........# #.......#.....)..'
#..........# #)).....#........#
##..........####.......#......†.#
.............).........#......†.#
.......####..)......####........#
.......# #.........# ######'###


You could see an orc.

Vanquished Creatures
  An orc priest (D:3)
  6 gnolls (D:3)
  An adder (D:2)
  An ooze (D:2)
  2 dart slugs
  A leopard gecko (D:3)
  6 orcs (D:3)
  A giant cockroach (D:2)
  5 goblins
  4 hobgoblins
  7 kobolds
  8 bats
  2 frilled lizards
  4 rats
49 creatures vanquished.

Vanquished Creatures (others)
  7 plants (D:3)
  7 withered plants (D:3)
14 creatures vanquished.

Grand Total: 63 creatures vanquished

Notes
Turn   | Place    | Note
-------+----------+-------------------------------------------
     0 | D:1      | tilp the Octopode Transmuter began the quest for the Orb.
     0 | D:1      | Reached XP level 1. HP: 13/13 MP: 3/3
   185 | D:1      | Reached skill level 1 in Stealth
   205 | D:1      | Reached XP level 2. HP: 5/18 MP: 3/5
   211 | D:1      | Learned a level 2 spell: Wereblood
   454 | D:1      | You fall into a shaft and drop 1 floor!
  1611 | D:1      | Found a snail-covered altar of Cheibriados.
  1811 | D:2      | Found a stormy altar of Qazlal.
  1924 | D:2      | Reached XP level 3. HP: 15/24 MP: 3/6
  2039 | D:2      | Noticed a shadow
  2040 | D:2      | Found a shadowy altar of Dithmenos.
  2041 | D:2      | Found a hazy altar of Hepliaklqana.
  2504 | D:3      | Reached XP level 4. HP: 22/29 MP: 4/7
  3004 | D:3      | Found an ornate altar of the Wu Jian Council.
  3228 | D:3      | Reached XP level 5. HP: 2/34 MP: 4/8
  3580 | D:3      | Slain by an orc

Illustrated notes

Levels and vault maps discovered:
D:1:      dpeg_arrival_snail, layout_basic, serial_bayou_pond_e,
          kennysheep_flooded_box
D:2:      layout_basic, riverfiend_overflow_shadow_ancestor, old_standard_altar
D:3:      layout_basic, grunt_temple_overflow_growth_and_decay,
          marbit_many_paths

Skill      XL: |  1  2  3  4  5 |
---------------+----------------+-----
Stealth        | 1 2 3 4 |  4.0
Fighting       | 2 |  2.0
Unarmed Combat | 4 |  4.0
Transmutations | 3 |  3.1
Dodging        | |  2.0
Spellcasting   | |  2.0

Action                   |  1- 3 |  4- 6 || total
-------------------------+-------+-------++-------
Melee: Unarmed           |    67 |    37 ||   104
       Constrict         |    21 |    13 ||    34
       Kick              |     9 |    12 ||    21
       Tentacles         |     7 |     5 ||    12
       Punch             |       |     1 ||     1
Throw: Stone             |     7 |       ||     7
       Boomerang         |     2 |       ||     2
 Cast: Beastly Appendage |    18 |    10 ||    28
       Wereblood         |     7 |     4 ||    11
  Use: Scroll            |     3 |       ||     3
 Stab: Sleeping          |     3 |     1 ||     4
Armor: Skin              |    19 |     1 ||    20
Dodge: Dodged            |    59 |    21 ||    80

Table legend: (Time is in decaauts)
 A = Elapsed time spent in this place.
 B = Non-inter-level travel time spent in this place.
 C = Inter-level travel time spent in this place.
 D = Time resting spent in this place.
 E = Time spent auto-exploring this place.
 F = Levels seen in this place.
 G = Mean time per level.
                   A        B        C        D        E       F      G
               +--------+--------+--------+--------+--------+-----+--------+
         Total |   3575 |   3470 |    105 |    920 |   1844 |   3 | 1191.7 |
       Dungeon |   3575 |   3470 |    105 |    920 |   1844 |   3 | 1191.7 |
               +--------+--------+--------+--------+--------+-----+--------+

Top non-repeatable levels by time:
     D:2: 1543 daAuts
     D:3: 1140 daAuts
     D:1: 891 daAuts
